 Dungeon Crawl Stone Soup version 0.30-a0-748-ge6a52f7cba (webtiles) character file.

Game seed: 13047637290383603331

165 mistaj the Shield-Bearer (level 5, -2/46 HPs)
             Began as a Minotaur Fighter on Feb 8, 2023.
             Succumbed to a water moccasin's poison
             ... in a sewer.
             The game lasted 00:04:11 (2120 turns).

mistaj the Shield-Bearer (Minotaur Fighter)         Turns: 2120, Time: 00:04:12

Health: -2/46      AC:  7    Str: 20    XL:     5   Next: 21%
Magic:  4/4        EV:  9    Int:  7    God:
Gold:   118        SH:  5    Dex: 10    Spells: 4/4 levels left

rFire   . . .      SeeInvis +    a - +0 war axe (spect)
rCold   . . .      Faith    .    c - +0 buckler
rNeg    . . .      Spirit   .    b - +0 scale mail
rPois   .          Reflect  .    (helmet restricted)
rElec   .          Harm     .    (no cloak)
rCorr   .          Rampage  .    (no gloves)
Will    .....                    (no boots) Stlth
                                 (no amulet)
HPRegen 0.27/turn                k - ring of see invisible
MPRegen 0.09/turn                (no ring)

@: lethally poisoned (-2 -> -44)
A: horns 2, retaliatory headbutt
a: no special abilities


You were in a sewer.
You visited 1 branch of the dungeon, and saw 3 of its levels.
You also visited: Sewer.

You collected 118 gold pieces.

Inventory:

Hand Weapons
 a - a +0 spectral war axe (weapon)
Missiles
 r - a throwing net (quivered)
Armour
 b - a +0 scale mail (worn)
 c - a +0 buckler (worn)
Jewellery
 k - a ring of see invisible (left hand)
Scrolls
 h - 2 scrolls of teleportation
 l - a scroll of magic mapping
Potions
 d - a potion of might
 e - a potion of heal wounds
 f - a potion of attraction {unknown}
 j - a potion of curing {unknown}
 n - a potion of berserk rage
 o - a potion of mutation {unknown}
 p - a potion of brilliance {unknown}


   Skills:
 - Level 3.7 Fighting
 + Level 4.9 Axes
 - Level 3.7 Armour
 + Level 5.6 Shields


You had 4 spell levels left.
You didn't know any spells.
Your spell library contained the following spells:

 Spells                   Type           Power      Damage    Failure   Level
 Cigotuvi's Dreadful Rot  Necr/Pois/Air  0%         N/A       94%         2
 Poisonous Vapours        Pois/Air       0%         N/A       94%         2
 Mephitic Cloud           Conj/Pois/Air  0%         N/A       99%         3


Dungeon Overview and Level Annotations

Branches:
Dungeon (3/15)              Sewer (1/1)

Altars:
Elyvilon


Innate Abilities, Weirdness & Mutations

You have a pair of horns on your head.
You reflexively headbutt those who attack you in melee.


Message History

Found 38 gold pieces.
You block the water moccasin's attack.
You see here a potion of berserk rage.
You closely miss the water moccasin. The water moccasin bites you.
You closely miss the water moccasin.
You block the water moccasin's attack. x2
You completely miss the water moccasin. The water moccasin bites you.
You are poisoned.
The water moccasin poisons you!
The water moccasin bites you but does no damage.
You barely miss the water moccasin.
You feel very sick.
The water moccasin bites you but does no damage.
The water moccasin barely misses you.
You slash the water moccasin!
The water moccasin is moderately wounded.
You feel very sick. The water moccasin barely misses you.
You furiously retaliate!
You headbutt the water moccasin! The water moccasin closely misses you.
You hit the water moccasin.
The water moccasin is almost dead.
You feel sick.
The water moccasin bites you but does no damage.
You closely miss the water moccasin.
Your headbutt misses the water moccasin.
The water moccasin is almost dead.
You feel sick. The water moccasin bites you. x2
You are more poisoned.
The water moccasin poisons you!
You miss the water moccasin.
The water moccasin is almost dead.
You feel very sick. The water moccasin bites you.
* * * LOW HITPOINT WARNING * * *
You are more poisoned.
The water moccasin poisons you! The water moccasin bites you.
* * * LOW HITPOINT WARNING * * *
You are more poisoned.
The water moccasin poisons you!
You hit the water moccasin.
You kill the water moccasin!
You die...

#.# #.# #######
#.# ##.....## #.#
##...≈...#
#.#######...≈≈≈...
#..†.......≈≈≈≈≈†∩
#.#######...≈≈≈†..
#.# ##...≈...# #@#
##.....## #†#
####### ... .....
....... #.......#
#.......#
#..$$$..#


There were no monsters in sight!

Vanquished Creatures
  A water moccasin (Sewer)
  An orc priest (D:3)
  4 gnolls
  2 adders (D:2)
  A worm (D:3)
  5 orcs (D:3)
  4 endoplasms (D:1)
  4 giant cockroaches
  6 goblins
  5 hobgoblins
  7 jackals (D:1)
  4 kobolds
  A quokka (D:1)
  6 ball pythons
  7 bats
  6 frilled lizards
  4 rats
68 creatures vanquished.

Notes
Turn   | Place    | Note
-------+----------+-------------------------------------------
     0 | D:1      | mistaj the Minotaur Fighter began the quest for the Orb.
     0 | D:1      | Reached XP level 1. HP: 19/19 MP: 0/0
   128 | D:1      | Reached XP level 2. HP: 16/27 MP: 1/1
   131 | D:1      | Reached skill level 4 in Shields
   406 | D:1      | Reached XP level 3. HP: 27/33 MP: 2/2
  1028 | D:2      | Found a white marble altar of Elyvilon.
  1108 | D:2      | Reached XP level 4. HP: 38/40 MP: 3/3
  1626 | D:2      | Reached skill level 5 in Shields
  1903 | D:3      | Found a glowing drain.
  1921 | D:3      | HP: 2/40 [orc priest/+0 morningstar (5)]
  1925 | D:3      | Reached XP level 5. HP: 3/46 MP: 4/4
  2081 | Sewer    | Entered a sewer
  2109 | Sewer    | Noticed a water moccasin
  2120 | Sewer    | Killed a water moccasin
  2120 | Sewer    | Succumbed to a water moccasin's poison

Illustrated notes

Levels and vault maps discovered:
D:1:      dpeg_arrival_round_c, layout_rooms, minmay_pentomino_u2
D:2:      layout_rooms, basic_altar
D:3:      layout_basic, portal_sewer_entry_a, minmay_goblin_kobold_house
Sewer:    sewer_big_baddie

Skill      XL: |  1  2  3  4 |
---------------+-------------+-----
Shields        | 4 5 |  5.6
Axes           | 3 4 |  4.9
Fighting       | |  3.7
Armour         | |  3.7

Action                     |  1- 3 |  4- 6 || total
---------------------------+-------+-------++-------
  Melee: War axe           |    89 |    49 ||   138
         Headbutt          |     7 |     4 ||    11
    Use: Scroll            |       |     7 ||     7
 Armour: Scale mail        |    63 |    19 ||    82
  Dodge: Dodged            |    50 |    21 ||    71
  Block: Buckler           |    18 |    12 ||    30

Table legend: (Time is in decaauts)
 A = Elapsed time spent in this place.
 B = Non-inter-level travel time spent in this place.
 C = Inter-level travel time spent in this place.
 D = Time resting spent in this place.
 E = Time spent auto-exploring this place.
 F = Levels seen in this place.
 G = Mean time per level.
                   A        B        C        D        E       F      G
               +--------+--------+--------+--------+--------+-----+--------+
         Total |   2170 |   2055 |    115 |    924 |    566 |   4 |  542.5 |
       Dungeon |   2127 |   2012 |    115 |    921 |    566 |   3 |  709.0 |
         Sewer |     42 |     42 |      0 |      3 |      0 |   1 |   42.0 |
               +--------+--------+--------+--------+--------+-----+--------+

Top non-repeatable levels by time:
     D:1: 970 daAuts
     D:2: 931 daAuts
     D:3: 225 daAuts
   Sewer: 42 daAuts
